 Dungeon Crawl Stone Soup version 0.26-a0-771-g060e6a62af (webtiles) character file.

Game seed: 8477903558958300568

105 ringo67 the Skirmisher (level 4, -13/41 HPs)
             Began as a Ghoul Abyssal Knight on Nov 8, 2020.
             Was a Believer of Lugonu.
             Mangled by an ogre
             ... wielding a +0 giant spiked club
              (16 damage)
             ... on level 3 of the Dungeon.
             The game lasted 00:03:14 (2210 turns).

ringo67 the Skirmisher (Ghoul Abyssal Knight)       Turns: 2210, Time: 00:03:14

Health: -13/41     AC:  8    Str: 22    XL:     4   Next: 81%
Magic:  4/4        EV:  8    Int:  7    God:    Lugonu [**....]
Gold:   161        SH:  0    Dex:  8    Spells: 3/3 levels left

rFire    . . .     SeeInvis .   j - +4 whip
rCold    + . .     Faith    +   (no shield)
rNeg     + + +     Spirit   .   g - +0 chain mail
rPois    ∞         Reflect  .   (no helmet)
rElec    .         Harm     .   (no cloak)
rCorr    .         Rampage  .   (no gloves)
MR       .....                  (no boots)
Stlth    ..........             q - amulet of faith
HPRegen  0.00/turn              m - +6 ring of strength
MPRegen  0.09/turn              (no ring)

@: no status effects
A: rotting body, claws 1, cold resistance 1, negative energy resistance 3,
inhibited regeneration, torment resistance, unbreathing
a: Depart the Abyss, Bend Space, Renounce Religion


You were on level 3 of the Dungeon.
You worshipped Lugonu.
Lugonu was pleased with you.
You visited 1 branch of the dungeon, and saw 3 of its levels.
You visited the Abyss 1 time.

You collected 161 gold pieces.

Inventory:

Hand Weapons
 a - a +1 mace
 j - a +4 whip (weapon)
Missiles
 l - 29 bolts
Armour
 g - a +0 chain mail (worn)
Jewellery
 m - a +6 ring of strength (left claw)
 q - an amulet of faith (around neck)
Scrolls
 d - 7 scrolls of remove curse {unknown}
 e - a scroll of random uselessness {unknown}
 h - a scroll of teleportation {unknown}
 i - 2 scrolls of identify {unknown}
 o - a scroll of fear {unknown}
 p - 3 scrolls of enchant weapon {unknown}
Potions
 b - a potion of heal wounds {unknown}
 c - a potion of haste {unknown}
 f - 5 potions of curing {unknown}
 k - a potion of ambrosia {unknown}
 n - a potion of brilliance {unknown}


   Skills:
 + Level 4.4 Fighting
 * Level 2.8 Maces & Flails
 + Level 2.2 Armour
 + Level 1.6 Dodging
 - Level 2.0 Invocations


You had 3 spell levels left.
You didn't know any spells.
Your spell library was empty.

Dungeon Overview and Level Annotations

Branches:
Dungeon (3/15)

Altars:


Innate Abilities, Weirdness & Mutations

Your body is rotting away.
You thrive by killing the living.
You are immune to poison.
You have sharp fingernails.
Your flesh is cold resistant. (rC+)
You are immune to negative energy. (rN+++)
You do not regenerate when monsters are visible.
You are immune to unholy pain and torment.
You can survive without breathing.


Message History

There is a stone staircase leading down here.
There is an open door here.
You see here a leopard gecko corpse.
You see here a stone.
You whack the ogre!
The ogre is moderately wounded.
The ogre hits you with a +0 giant spiked club!!
You whack the ogre!
The ogre is severely wounded.
The ogre closely misses you.
You hit the ogre.
The ogre is almost dead.
You hit the ogre.
The ogre is almost dead.
The ogre hits you with a +0 giant spiked club!!
* * * LOW HITPOINT WARNING * * *
You barely miss the ogre.
The ogre is almost dead.
The ogre hits you with a +0 giant spiked club!
You die...

.. #.............# ..
..#.............# ..
#.#......>......# #
#.#.######......# #
######...######......#...
.............##..........
......##.....##..†.......
.............###O####....
...............#@# ..#
........###......#### .
.....######'##......##
.....##..))÷)####....# #
.....##.........'....#.#
#######.......###....#.#
#...........####.....###.
#.###.......##.'.........
#.#.....###.##.#......##


You could see an ogre.

Vanquished Creatures
  3 adders
  An ooze (D:2)
  3 worms
  A dart slug (D:1)
  A leopard gecko (D:3)
  4 orcs (D:3)
  A giant cockroach (D:2)
  11 goblins
  5 hobgoblins
  9 bats
  2 frilled lizards (D:1)
  9 kobolds
  10 rats
60 creatures vanquished.

Notes
Turn   | Place    | Note
-------+----------+-------------------------------------------
     0 | Abyss:1  | ringo67 the Ghoul Abyssal Knight began the quest for the
                  | Orb.
     0 | Abyss:1  | Reached XP level 1. HP: 19/19 MP: 1/1
     0 | D:1      | Escaped the Abyss
   127 | D:1      | Reached * piety under Lugonu
   127 | D:1      | Reached XP level 2. HP: 21/27 MP: 2/2
   278 | D:1      | Reached skill level 4 in Fighting
   720 | D:2      | Reached skill level 1 in Dodging
   720 | D:2      | Reached XP level 3. HP: 33/33 MP: 3/3
   972 | D:2      | Reached ** piety under Lugonu
  1388 | D:2      | Reached XP level 4. HP: 40/40 MP: 4/4
  2191 | D:3      | Noticed an ogre
  2210 | D:3      | Mangled by an ogre

Illustrated notes

Levels and vault maps discovered:
D:1:      shiori_arrival_elements, layout_rooms, st_stairs_1
D:2:      layout_basic
D:3:      layout_basic, chequers_ecumenical_altar_island, minmay_pentomino_pile

Skill      XL: |  1  2  3 |
---------------+----------+-----
Fighting       | 4 |  4.4
Maces & Flails | 2 |  2.8
Dodging        | 1 |  1.6
Armour         | 2 |  2.2
Invocations    | |  2.0

Action                   |  1- 3 |  4- 6 || total
-------------------------+-------+-------++-------
Melee: Mace              |    33 |       ||    33
       Whip              |    59 |    64 ||   123
Invok: Depart the Abyss  |     1 |       ||     1
Armor: Leather armour    |    10 |       ||    10
       Chain mail        |    38 |    20 ||    58
Dodge: Dodged            |    41 |    30 ||    71

Table legend: (Time is in decaauts)
 A = Elapsed time spent in this place.
 B = Non-inter-level travel time spent in this place.
 C = Inter-level travel time spent in this place.
 D = Time resting spent in this place.
 E = Time spent auto-exploring this place.
 F = Levels seen in this place.
 G = Mean time per level.
                   A        B        C        D        E       F      G
               +--------+--------+--------+--------+--------+-----+--------+
         Total |   2215 |   2111 |    104 |    224 |   1487 |   4 |  553.8 |
       Dungeon |   2215 |   2111 |    104 |    224 |   1487 |   3 |  738.3 |
         Abyss |      0 |      0 |      0 |      0 |      0 |   1 |    0.0 |
               +--------+--------+--------+--------+--------+-----+--------+

Top non-repeatable levels by time:
     D:2: 1087 daAuts
     D:1: 681 daAuts
     D:3: 447 daAuts
